 Dungeon Crawl Stone Soup version 0.30-a0-578-gdee14c521f (webtiles) character file.

Game seed: 15591534752735479543

133 porpoise the Shooter (level 5, -3/41 HPs)
             Began as a Human Hunter on Jan 1, 2023.
             Killed by nerve-wracking pain
             ... invoked by Grinder
              (13 damage)
             ... while paralysed by Grinder
             ... on level 3 of the Dungeon.
             The game lasted 00:08:39 (2191 turns).

porpoise the Shooter (Human Hunter)                 Turns: 2191, Time: 00:08:39

Health: -3/41      AC:  7    Str: 12    XL:     5   Next: 39%
Magic:  5/5        EV:  2    Int:  9    God:
Gold:   124        SH:  0    Dex: 18    Spells: 2/4 levels left

rFire   . . .      SeeInvis .    a - +0 shortbow
rCold   . . .      Faith    .    (shield currently unavailable)
rNeg    . . .      Spirit   .    g - +0 ring mail
rPois   .          Reflect  .    (no helmet)
rElec   .          Harm     .    s - +0 cloak
rCorr   .          Rampage  .    t - +0 pair of gloves
Will    .....                    (no boots)
Stlth   +                        (no amulet)
HPRegen 0.26/turn                (no ring)
MPRegen 0.09/turn                (no ring)

@: paralysed
A: no striking features
a: no special abilities


You were on level 3 of the Dungeon.
You visited 1 branch of the dungeon, and saw 3 of its levels.

You collected 124 gold pieces.

Inventory:

Hand Weapons
 a - a +0 shortbow (weapon)
 b - a +1 short sword of freezing
Missiles
 p - 5 boomerangs of dispersal
Armour
 g - a +0 ring mail (worn)
 m - a +3 chain mail of cold resistance
 s - a +0 cloak (worn)
 t - a +0 pair of gloves (worn)
Magical Staves
 k - a staff of poison
Scrolls
 c - a scroll of fog {unknown}
 d - a scroll of blinking {unknown}
 h - a scroll of poison {unknown}
 n - a scroll of teleportation {unknown}
Potions
 e - 4 potions of haste
 f - a potion of flight {unknown}
 i - 2 potions of heal wounds {unknown}
 j - 4 potions of curing
 l - 3 potions of brilliance
 o - 4 potions of lignification {unknown}
 q - a potion of resistance {unknown}
 r - a potion of magic {unknown}


   Skills:
 + Level 3.3 Fighting
 * Level 5.6 Ranged Weapons
 - Level 2.0 Dodging
 - Level 1.0 Stealth


You had 2 spell levels left.
You knew the following spells:

 Your Spells              Type           Power      Damage    Failure   Level
s - Momentum Strike       Conj/Tloc      0%         3d8       80%         2

Your spell library contained the following spells:

 Spells                   Type           Power      Damage    Failure   Level
 Blink                    Tloc           0%         N/A       80%         2
 Lesser Beckoning         Tloc           0%         N/A       95%         3


Dungeon Overview and Level Annotations

Branches:
Dungeon (3/15)

Altars:
Gozag

Annotations:
D:3 Grinder


Message History

You shoot an arrow. The arrow hits Grinder.
Grinder is lightly wounded.
You shoot an arrow. The arrow hits Grinder.
Grinder is moderately wounded.
Grinder gestures at you. Pain shoots through your body!
You shoot an arrow. The arrow hits Grinder.
Grinder is moderately wounded.
Grinder blinks!
Grinder hits you.
You writhe in agony.
You shoot an arrow. The arrow hits Grinder.
Grinder is heavily wounded.
Grinder hits you.
You shoot an arrow. The arrow hits Grinder.
Grinder is heavily wounded.
Grinder gestures at you. You resist with significant effort.
You shoot an arrow. The arrow hits Grinder.
Grinder is severely wounded.
You hear a shout!
Grinder gestures at you. You resist with significant effort.
An orc comes into view. It is wielding a +0 hand axe.
Grinder gestures at you. Pain shoots through your body!
You are too injured to fight recklessly!
You are too injured to fight recklessly!
You are too injured to fight recklessly!
Fire: a) +0 shortbow
Press: ? - help, Q - select action, (/) - cycle Shift-Dir - straight line, f/p - Grinder
Aim: Grinder, carrying a wand of flame (2) (severely wounded, 61% to hit)
You shoot an arrow. The arrow closely misses Grinder.
The orc hits you but does no damage. Grinder gestures at you.
You suddenly lose the ability to move!
The orc hits you but does no damage. Grinder hits you.
The orc hits you with a +0 short sword.
* * * LOW HITPOINT WARNING * * *
Grinder gestures at you. Pain shoots through your body!
You die...

###.#.### #.###.#
##.#.## #######
###..### #.....#
#......####
#.....####......##.<
#...................
#...5.####......##..
#oo@..# #......####
.....###### #.#..#.#
# .### #......# #
###..... # ..###. #
.#


You could see Grinder and 2 orcs.

Vanquished Creatures
  Natasha (D:2)
  Terence (D:2)
  3 dart slugs
  4 orcs (D:3)
  2 bats
  3 endoplasms
  2 giant cockroaches
  10 goblins
  2 hobgoblins
  8 jackals
  7 kobolds
  5 quokkas
  8 ball pythons
  5 frilled lizards
  5 rats
66 creatures vanquished.

Notes
Turn   | Place    | Note
-------+----------+-------------------------------------------
     0 | D:1      | porpoise the Human Hunter began the quest for the Orb.
     0 | D:1      | Reached XP level 1. HP: 16/16 MP: 1/1
   246 | D:1      | Reached XP level 2. HP: 21/22 MP: 2/2
   630 | D:1      | Reached XP level 3. HP: 28/28 MP: 3/3
   650 | D:1      | Learned a level 2 spell: Momentum Strike
  1118 | D:2      | Found an opulent altar of Gozag.
  1324 | D:2      | Noticed Terence
  1330 | D:2      | Killed Terence
  1331 | D:2      | Reached skill level 5 in Ranged Weapons
  1331 | D:2      | Reached XP level 4. HP: 25/34 MP: 4/4
  1450 | D:2      | Noticed Natasha
  1472 | D:2      | Killed Natasha
  1593 | D:2      | Reached XP level 5. HP: 41/41 MP: 5/5
  2182 | D:3      | Noticed Grinder
  2189 | D:3      | Paralysed by Grinder for 4 turns
  2191 | D:3      | Killed from afar by Grinder

Illustrated notes

Levels and vault maps discovered:
D:1:      saegor_arrival_simple_e, layout_loops_ring, dk_noncrumbling_3,
          minmay_fountain_box, minmay_tromino_i2
D:2:      minmay_general_purpose_star, layout_basic, basic_altar, uniq_terence,
          uniq_natasha
D:3:      layout_loops_cross, uniq_grinder

Skill      XL: |  1  2  3  4 |
---------------+-------------+-----
Ranged Weapons | 5 |  5.6
Fighting       | 3 |  3.3
Dodging        | |  2.0
Stealth        | |  1.0

Action                   |  1- 3 |  4- 6 || total
-------------------------+-------+-------++-------
Melee: Short sword       |       |     5 ||     5
 Fire: Shortbow          |    89 |    90 ||   179
  Use: Scroll            |     1 |     3 ||     4
Armor: Ring mail         |    17 |    32 ||    49
Dodge: Dodged            |    18 |    39 ||    57

Table legend: (Time is in decaauts)
 A = Elapsed time spent in this place.
 B = Non-inter-level travel time spent in this place.
 C = Inter-level travel time spent in this place.
 D = Time resting spent in this place.
 E = Time spent auto-exploring this place.
 F = Levels seen in this place.
 G = Mean time per level.
                   A        B        C        D        E       F      G
               +--------+--------+--------+--------+--------+-----+--------+
         Total |   2269 |   2242 |     27 |    270 |   1496 |   3 |  756.3 |
       Dungeon |   2269 |   2242 |     27 |    270 |   1496 |   3 |  756.3 |
               +--------+--------+--------+--------+--------+-----+--------+

Top non-repeatable levels by time:
     D:1: 1006 daAuts
     D:2: 896 daAuts
     D:3: 367 daAuts
